 Dungeon Crawl Stone Soup version 0.26.1-2-gb8aa6d0cf2 (webtiles) character file.

Game seed: 1703645316450295602

59 Ladykiller69 the Shield-Bearer (level 4, -4/35 HPs)
             Began as a Formicid Fighter on Mar 5, 2021.
             Slain by a gnoll
             ... wielding a +0 flail
              (7 damage)
             ... on level 2 of the Dungeon.
             The game lasted 00:03:43 (1450 turns).

Ladykiller69 the Shield-Bearer (Formicid Fighter)   Turns: 1450, Time: 00:03:43

Health: -4/35      AC:  6    Str: 22    XL:     4   Next: 22%
Magic:  4/4        EV:  8    Int:  7    God:
Gold:   148        SH:  9    Dex: 10    Spells: 3/3 levels left

rFire    . . .     SeeInvis +   a - +0 flail
rCold    . . .     Faith    .   c - +0 kite shield
rNeg     . . .     Spirit   .   b - +0 scale mail
rPois    .         Reflect  .   (helmet unavailable)
rElec    .         Harm     .   (no cloak)
rCorr    .         Rampage  .   (no gloves)
Will     .....                  (no boots)
Stlth    ..........             (no amulet)
HPRegen  0.11/turn              (no ring)
MPRegen  0.09/turn              (no ring)

@: no status effects
A: permanent stasis, dig shafts and tunnels, four strong arms, antennae 3
a: Dig, Shaft Self


You were on level 2 of the Dungeon.
You visited 1 branch of the dungeon, and saw 2 of its levels.

You collected 148 gold pieces.

Inventory:

Hand Weapons
 a - a +0 flail (weapon)
Armour
 b - a +0 scale mail (worn)
 c - a +0 kite shield (worn)
Jewellery
 l - an uncursed amulet of faith {unknown}
 q - a cursed -4 ring of intelligence {unknown}
Scrolls
 e - a scroll of enchant armour {unknown}
 g - a scroll of teleportation {unknown}
 h - a scroll of identify {unknown}
 m - a scroll of immolation {unknown}
 n - a scroll of noise {unknown}
 o - a scroll of remove curse {unknown}
Potions
 d - a potion of might
 f - 2 potions of curing {unknown}
 i - 2 potions of haste {unknown}
 j - a potion of lignification {unknown}
 k - a potion of heal wounds {unknown}
 p - a potion of magic {unknown}


   Skills:
 - Level 3.3 Fighting
 * Level 3.5 Maces & Flails
 - Level 3.4 Armour
 + Level 4.3 Shields


You had 3 spell levels left.
You didn't know any spells.
Your spell library was empty.

Dungeon Overview and Level Annotations

Branches:
Dungeon (2/15)

Altars:
Uskayaw


Innate Abilities, Weirdness & Mutations

You cannot be hasted, slowed, berserked, paralysed or teleported.
You can dig through walls and to a lower floor.
Your four strong arms can wield two-handed weapons with a shield.
You have a pair of large antennae on your head. (SInv)


Message History

You barely miss the gnoll.
The gnoll is almost dead.
The gnoll barely misses you.
You hit the gnoll.
You kill the gnoll!
You sock the gnoll!
The gnoll is severely wounded.
The gnoll hits you with a +0 flail!
* * * LOW HITPOINT WARNING * * *
You barely miss the gnoll.
The gnoll is severely wounded.
The gnoll hits you with a +0 flail.
* * * LOW HITPOINT WARNING * * *
You barely miss the gnoll.
The gnoll is severely wounded.
The gnoll hits you but does no damage.
You hit the gnoll.
The gnoll is almost dead.
The gnoll hits you with a +0 flail!
You die...

##...##.# #.# ###..#..#.#
#.# .g{{###.#<## ###.#
###..#.g...# #...#
##..g..#.# #>###
##.#....# #.# #.#.##.#
##.## # #....#.#####...#
## #......##.##@#g# #.
##...#.#)#.#g#.#### # ..
##.##.##....#....#.#
##.#.##g##.{..#######...#
#.......#####....#....###
##.# #.# ####.#.#### #...
#g## #.#.# ##.###.#.##
#...# .....###.#######.##


You could see a gnoll.

Vanquished Creatures
  2 gnolls (D:2)
  An adder (D:2)
  A dart slug (D:1)
  A leopard gecko (D:1)
  A ball python (D:1)
  A giant cockroach (D:2)
  4 hobgoblins
  7 bats
  2 frilled lizards (D:1)
  4 goblins
  3 kobolds (D:2)
  4 rats
31 creatures vanquished.

Notes
Turn   | Place    | Note
-------+----------+-------------------------------------------
     0 | D:1      | Ladykiller69 the Formicid Fighter began the quest for the
                  | Orb.
     0 | D:1      | Reached XP level 1. HP: 18/18 MP: 1/1
   238 | D:1      | Reached XP level 2. HP: 24/24 MP: 2/2
   610 | D:2      | Reached skill level 4 in Shields
   622 | D:2      | Reached XP level 3. HP: 29/29 MP: 3/3
  1355 | D:2      | Found a hide-covered altar of Uskayaw.
  1435 | D:2      | Reached XP level 4. HP: 34/35 MP: 4/4
  1450 | D:2      | Slain by a gnoll

Illustrated notes

Levels and vault maps discovered:
D:1:      saegor_arrival_simple_e, layout_rooms
D:2:      layout_loops_ring, nicolae_overflow_hidden_temple

Skill      XL: |  1  2  3 |
---------------+----------+-----
Shields        | 4 |  4.3
Maces & Flails | 3 |  3.5
Fighting       | |  3.3
Armour         | |  3.4

Action                   |  1- 3 |  4- 6 || total
-------------------------+-------+-------++-------
Melee: Flail             |    73 |    12 ||    85
 Abil: Dig               |     5 |     1 ||     6
Armor: Scale mail        |    30 |     1 ||    31
Dodge: Dodged            |    27 |     3 ||    30
Block: Kite shield       |    45 |     1 ||    46
